 Dungeon Crawl Stone Soup version 0.30-a0-2-gf48d83f5e2 (webtiles) character file.

Game seed: 5814064763497395686

143 themarg the Insei (level 5, -11/36 HPs)
             Began as a Gnoll Transmuter on Aug 20, 2022.
             Was a Believer of Hepliaklqana.
             Mangled by a gnoll sergeant
             ... wielding a +0 trident of freezing
              (12 damage)
             ... on level 4 of the Dungeon.
             The game lasted 00:06:35 (1413 turns).

themarg the Insei (Gnoll Transmuter)                Turns: 1413, Time: 00:06:38

Health: -11/36     AC:  3    Str:  9    XL:     5   Next: 25%
Magic:  8/12       EV: 13    Int: 15    God:    Hepliaklqana [**....]
Gold:   95         SH:  0    Dex: 12    Spells: 8/14 levels left

rFire   . . .      SeeInvis .    g - +1 dagger (freeze)
rCold   . . .      Faith    .    (no shield)
rNeg    . . .      Spirit   .    a - +0 robe
rPois   .          Reflect  .    (no helmet)
rElec   .          Harm     .    (no cloak)
rCorr   .          Rampage  .    o - +0 pair of gloves
Will    .....                    (no boots)
Stlth   ++........               (no amulet)
HPRegen 0.12/turn                (no ring)
MPRegen 0.13/turn                (no ring)

@: no status effects
A: reduced essence, fangs 1, strong nose, distributed training
a: Renounce Religion, Ancestor Life: Knight, Ancestor Life: Battlemage, Ancestor
Life: Hexer, Recall Ancestor, Ancestor Identity


You were on level 4 of the Dungeon.
You worshipped Hepliaklqana.
Hepliaklqana was pleased with you.
You visited 1 branch of the dungeon, and saw 3 of its levels.

You collected 95 gold pieces.

Inventory:

Hand Weapons
 g - a +1 dagger of freezing (weapon)
Missiles
 c - 2 curare-tipped darts
 j - 2 poisoned darts
Armour
 a - a +0 robe (worn)
 o - a +0 pair of gloves (worn)
Scrolls
 d - 3 scrolls of teleportation {unknown}
 e - 2 scrolls of fear {unknown}
 f - a scroll of blinking {unknown}
 i - a scroll of identify {unknown}
 l - a scroll of immolation {unknown}
 m - a scroll of noise {unknown}
 n - 2 scrolls of vulnerability {unknown}
Potions
 b - a potion of lignification
 h - a potion of magic {unknown}
 k - a potion of invisibility {unknown}
 p - 2 potions of curing {unknown}
 q - a potion of mutation {unknown}


   Skills:
 + Level 3.0 Fighting
 + Level 1.4 Short Blades
 + Level 1.4 Long Blades
 + Level 1.4 Axes
 + Level 1.4 Maces & Flails
 + Level 1.4 Polearms
 + Level 1.4 Staves
 + Level 1.4 Ranged Weapons
 + Level 1.4 Throwing
 + Level 1.4 Armour
 + Level 4.8 Dodging
 + Level 1.4 Stealth
 + Level 1.4 Shields
 + Level 6.7 Unarmed Combat
 + Level 5.2 Spellcasting
 + Level 1.1 Conjurations
 + Level 1.1 Hexes
 + Level 1.1 Summonings
 + Level 1.1 Necromancy
 + Level 1.1 Translocations
 + Level 3.9 Transmutations
 + Level 1.1 Fire Magic
 + Level 1.1 Ice Magic
 + Level 1.1 Air Magic
 + Level 1.1 Earth Magic
 + Level 1.1 Poison Magic
 + Level 1.6 Invocations
 + Level 1.4 Evocations


You had 8 spell levels left.
You knew the following spells:

 Your Spells              Type           Power      Damage    Failure   Level
a - Beastly Appendage     Tmut           30%        N/A       3%          1
b - Wereblood             Tmut           15%        N/A       4%          2
c - Spider Form           Tmut/Pois      11%        N/A       17%         3

Your spell library contained the following spells:

 Spells                   Type           Power      Damage    Failure   Level
 Inner Flame              Hex/Fire       7%         N/A       30%         3
 Ice Form                 Ice/Tmut       11%        N/A       50%         4
 Cause Fear               Hex            3%         N/A       69%         4
 Discord                  Hex            3%         N/A       100%        8


Dungeon Overview and Level Annotations

Branches:
Dungeon (2/15)

Altars:
Hepliaklqana


Innate Abilities, Weirdness & Mutations

Your life essence is reduced to manifest your ancestor. (-10% HP)
You have very sharp teeth.
Your uncanny sense of smell can sniff out nearby items.
Your experience applies equally to all skills.


Message History

Your transformation is almost over.
You hiss as the wereblood boils in your veins!
You hear a shout!
The gnoll completely misses you. The gnoll misses you.
You hit the gnoll.
The gnoll is poisoned.
The gnoll is moderately wounded.
Your primal bloodlust is almost over.
The gnoll closely misses you. The gnoll misses you.
You bite the gnoll!
The gnoll is almost dead.
The gnoll completely misses you. x2
You barely miss the gnoll.
The gnoll is almost dead.
The gnoll misses you. x2
You bite the gnoll!
You kill the gnoll!
The gnoll hits you from afar with a +0 spear.
Your Fighting skill increases to level 3!
The gnoll hits you with a +0 spear. The gnoll sergeant misses you.
The gnoll sergeant blocks your attack.
The gnoll sergeant hits you with a +0 trident of freezing!
The gnoll sergeant freezes you. The gnoll barely misses you.
The gnoll sergeant blocks your attack.
The gnoll sergeant completely misses you.
The gnoll closely misses you.
You bite the gnoll sergeant!
The gnoll sergeant is poisoned.
The gnoll sergeant is moderately wounded.
Your primal bloodlust has ended.
The gnoll sergeant hits you with a +0 trident of freezing!
* * * LOW HITPOINT WARNING * * *
The gnoll sergeant freezes you.
* * * LOW HITPOINT WARNING * * *
The gnoll barely misses you.
Your transformation has ended.
Your +1 dagger of freezing unmelds from your body.
Your +0 pair of gloves unmelds from your body.
Your +0 robe unmelds from your body.
Your +1 dagger of freezing glows with a cold blue light!
The gnoll sergeant hits you from afar with a +0 trident of freezing!
You die...

#.# #...# #.# #...#
#.## #...#
######..######...###>#
...........)..'.......#
#########...###.).#####
###....)### ###.
#####.## .....
#@.##..P.P. ∆
##gg...P... ####.....g
..... .P.. ... .P ### .
#.. #.#


You could see a gnoll sergeant (very poisoned) and a gnoll.

Vanquished Creatures
  A scorpion (D:4)
  A jelly (D:4)
  2 gnolls (D:4)
  A worm (D:2)
  A dart slug (D:1)
  An orc (D:2)
  3 ball pythons
  2 endoplasms
  2 giant cockroaches
  4 hobgoblins (D:1)
  A quokka (D:2)
  4 bats
  5 goblins
  3 rats (D:1)
31 creatures vanquished.

Vanquished Creatures (collateral kills)
  A worm (D:2)
  A giant cockroach (D:1)
2 creatures vanquished.

Vanquished Creatures (others)
  10 plants (D:4)
10 creatures vanquished.

Grand Total: 43 creatures vanquished

Notes
Turn   | Place    | Note
-------+----------+-------------------------------------------
     0 | D:1      | themarg the Gnoll Transmuter began the quest for the Orb.
     0 | D:1      | Reached XP level 1. HP: 17/17 MP: 6/6
   181 | D:1      | Reached XP level 2. HP: 23/23 MP: 5/7
   184 | D:1      | Learned a level 2 spell: Wereblood
   290 | D:1      | Found a faded altar of an unknown god.
   304 | D:1      | Prayed at the altar of an unknown god.
   304 | D:1      | Became a worshipper of Hepliaklqana the Forgotten
   304 | D:1      | Reached * piety under Hepliaklqana
  1076 | D:2      | Reached skill level 5 in Spellcasting
  1076 | D:2      | Reached XP level 3. HP: 25/25 MP: 4/9
  1161 | D:2      | Reached skill level 1 in Invocations
  1176 | D:2      | You fall into a shaft and drop 2 floors!
  1183 | D:4      | Reached ** piety under Hepliaklqana
  1217 | D:4      | Noticed a scorpion
  1225 | D:4      | Learned a level 3 spell: Spider Form
  1233 | D:4      | Killed a scorpion
  1234 | D:4      | Reached skill level 1 in Short Blades
  1234 | D:4      | Reached skill level 1 in Long Blades
  1234 | D:4      | Reached skill level 1 in Axes
  1234 | D:4      | Reached skill level 1 in Maces & Flails
  1234 | D:4      | Reached skill level 1 in Polearms
  1234 | D:4      | Reached skill level 1 in Staves
  1234 | D:4      | Reached skill level 1 in Ranged Weapons
  1234 | D:4      | Reached skill level 1 in Throwing
  1234 | D:4      | Reached skill level 1 in Armour
  1234 | D:4      | Reached skill level 1 in Stealth
  1234 | D:4      | Reached skill level 1 in Shields
  1234 | D:4      | Reached skill level 1 in Conjurations
  1234 | D:4      | Reached skill level 1 in Hexes
  1234 | D:4      | Reached skill level 1 in Summonings
  1234 | D:4      | Reached skill level 1 in Necromancy
  1234 | D:4      | Reached skill level 1 in Translocations
  1234 | D:4      | Reached skill level 1 in Fire Magic
  1234 | D:4      | Reached skill level 1 in Ice Magic
  1234 | D:4      | Reached skill level 1 in Air Magic
  1234 | D:4      | Reached skill level 1 in Earth Magic
  1234 | D:4      | Reached skill level 1 in Poison Magic
  1234 | D:4      | Reached skill level 1 in Evocations
  1234 | D:4      | Reached XP level 4. HP: 23/30 MP: 8/11
  1388 | D:4      | Noticed a gnoll sergeant
  1400 | D:4      | Reached XP level 5. HP: 36/36 MP: 6/12
  1412 | D:4      | HP: 1/36 [gnoll sergeant/+0 trident of freezing (6)]
  1413 | D:4      | Mangled by a gnoll sergeant

Illustrated notes

Levels and vault maps discovered:
D:1:      enne_arrival_octagon_isle, layout_basic,
          shapermc_ecumenical_altar_flowoftime
D:2:      layout_basic, uniq_crazy_yiuf_cottage
D:4:      layout_basic, nicolae_grassy_gnolls

Skill      XL: |  1  2  3  4  5 |
---------------+----------------+-----
Spellcasting   | 5 |  5.2
Invocations    | 1 |  1.6
Short Blades   | 1 |  1.4
Long Blades    | 1 |  1.4
Axes           | 1 |  1.4
Maces & Flails | 1 |  1.4
Polearms       | 1 |  1.4
Staves         | 1 |  1.4
Ranged Weapons | 1 |  1.4
Throwing       | 1 |  1.4
Armour         | 1 |  1.4
Stealth        | 1 |  1.4
Shields        | 1 |  1.4
Conjurations   | 1 |  1.1
Hexes          | 1 |  1.1
Summonings     | 1 |  1.1
Necromancy     | 1 |  1.1
Translocations | 1 |  1.1
Fire Magic     | 1 |  1.1
Ice Magic      | 1 |  1.1
Air Magic      | 1 |  1.1
Earth Magic    | 1 |  1.1
Poison Magic   | 1 |  1.1
Evocations     | 1 |  1.4
Fighting       | 3 |  3.0
Dodging        | |  4.8
Unarmed Combat | |  6.7
Transmutations | |  3.9

Action                   |  1- 3 |  4- 6 || total
-------------------------+-------+-------++-------
Melee: Dagger            |    61 |     1 ||    62
       Unarmed           |     5 |    13 ||    18
       Headbutt          |     7 |       ||     7
       Bite              |     7 |       ||     7
       Kick              |     3 |       ||     3
 Cast: Beastly Appendage |    12 |     2 ||    14
       Wereblood         |     2 |     1 ||     3
       Spider Form       |     1 |     1 ||     2
 Stab: Sleeping          |     1 |       ||     1
Armor: Robe              |     8 |       ||     8
Dodge: Dodged            |    42 |    14 ||    56

Table legend: (Time is in decaauts)
 A = Elapsed time spent in this place.
 B = Non-inter-level travel time spent in this place.
 C = Inter-level travel time spent in this place.
 D = Time resting spent in this place.
 E = Time spent auto-exploring this place.
 F = Levels seen in this place.
 G = Mean time per level.
                   A        B        C        D        E       F      G
               +--------+--------+--------+--------+--------+-----+--------+
         Total |   1408 |   1402 |      6 |     62 |    987 |   3 |  469.3 |
       Dungeon |   1408 |   1402 |      6 |     62 |    987 |   3 |  469.3 |
               +--------+--------+--------+--------+--------+-----+--------+

Top non-repeatable levels by time:
     D:1: 999 daAuts
     D:4: 234 daAuts
     D:2: 174 daAuts
